 Dungeon Crawl Stone Soup version 0.29.0-4-gdea44cf6ec (webtiles) character file.

Game seed: 17085359128081625581

110 qw the Chopper (level 4, -6/36 HPs)
             Began as a Barachi Chaos Knight on Sept 7, 2022.
             Killed from afar by an orc wizard (7 damage)
             ... with a magic dart
             ... summoned by Xom
             ... on level 2 of the Dungeon.
             The game lasted 00:00:54 (2210 turns).

qw the Chopper (Barachi Chaos Knight)               Turns: 2210, Time: 00:00:54

Health: -6/36      AC:  6    Str: 15    XL:     4   Next: 91%
Magic:  4/4        EV: 11    Int: 12    God:
Gold:   44         SH:  0    Dex: 12    Spells: 3/3 levels left

rFire   . . .      SeeInvis .   Y - +0 hand axe (chaos)
rCold   . . .      Faith    .   (no shield)
rNeg    . . .      Spirit   .   b - +2 leather armour
rPois   .          Reflect  .   (no helmet)
rElec   .          Harm     .   k - +0 cloak
rCorr   .          Rampage  .   (no gloves)
Will    .....                   (no boots)
Stlth   +.........              (no amulet)
HPRegen 0.12/turn               (no ring)
MPRegen 0.09/turn               (no ring)

@: unable to drink, slow
A: amphibious, slowness 1, strong legs 1, +LOS, inability to drink after injury
1
a: Hop


You were on level 2 of the Dungeon.
You visited 1 branch of the dungeon, and saw 2 of its levels.

You collected 44 gold pieces.


Innate Abilities, Weirdness & Mutations

You are amphibious.
You cover ground slowly.
You can hop short distances.
You have an extended range of vision and can be seen from far away.
You occasionally lose the ability to drink potions when taking damage.


   Skills:
 + Level 3.6 Fighting
 - Level 6.0 Axes
 - Level 2.4 Armour
 - Level 1.1 Dodging


You had 3 spell levels left.
You didn't know any spells.
Your spell library was empty.

Inventory:

Hand Weapons
 e - a +0 whip
 Y - a +0 hand axe of chaos (weapon)
Armour
 b - a +2 leather armour (worn)
 k - a +0 cloak (worn)
Jewellery
 h - an amulet of the acrobat
Scrolls
 a - a scroll of teleportation {unknown}
Potions
 d - a potion of degeneration {unknown}
 f - a potion of flight {unknown}
 g - a potion of ambrosia {unknown}
 i - 2 potions of curing
 m - a potion of heal wounds {unknown}
Miscellaneous
 c - a piece from Xom's chessboard (15/15)

Dungeon Overview and Level Annotations

Branches:
Dungeon (2/15)

Altars:


Message History

You barely miss the rat. You hit the orc. You closely miss the goblin.
You slash the orc! You freeze the orc.
You kill the orc!
The orc's corpse disappears in a puff of smoke!
You closely miss the goblin. You closely miss the orc.
You hit the rat but do no damage. You closely miss the orc priest.
The rat bites you but does no damage.
The orc wizard points at you and mumbles some strange words.
The magic dart hits you. The orc hits you with a +0 flail.
The orc priest hits you from afar with a +0 trident.
The goblin misses you.
You hit the orc priest but do no damage.
The orc priest seems to grow stronger.
You barely miss the goblin. You hit the orc but do no damage.
You hit the rat but do no damage. The rat closely misses you.
The orc priest closely misses you. The orc misses you.
The orc priest hits you from afar with a +0 trident.
The goblin hits you with a +0 dagger.
You hit the orc priest.
The orc priest is moderately wounded.
You hit the goblin.
You kill the goblin!
The goblin's corpse disappears in a puff of smoke!
You hit the orc but do no damage. You hit the rat. You hit the adder.
You burn the adder. The adder closely misses you. The orc closely misses you.
The orc priest invokes the aid of Xom against you.
Xom smites you!
You feel threatened and lose the ability to drink potions!
The rat completely misses you. The orc priest barely misses you.
You hit the rat. Lightning courses through the rat!!
You kill the rat!
The rat's corpse disappears in a puff of smoke!
You barely miss the orc. You hit the adder. You burn the adder.
You barely miss the orc priest. You closely miss the orc wizard.
The adder bites you but does no damage. x2
The orc priest hits you but does no damage.
The orc wizard gestures at you while chanting.
The magic dart hits you!
You die...

..##.............####...
#.#..
..##...................#
#....
..#######..............#
#... #.......# #..#
#(......######..#
#.......##......##
#..o....##.###....
#oS.....##.#......
#@o.....#........#
#¤o.....#.........
##......#..####...
#####..............
#...........#......
#####.........##...
#.#.#..##.##...
#.#....##...... #.###.##
#.#...


You could see 2 orc priests, an orc wizard (summoned), an adder (summoned) and
an orc (summoned).

Vanquished Creatures
  Jessica (D:2)
  2 adders (D:2)
  A gnoll (D:2)
  3 ball pythons (D:1)
  4 bats (D:1)
  8 endoplasms
  2 goblins (D:1)
  3 hobgoblins
  9 jackals
  6 kobolds
  3 quokkas (D:1)
  4 frilled lizards
  2 rats (D:1)
48 creatures vanquished.

Vanquished Creatures (others)
  2 endoplasms (D:1)
  A quokka (D:1)
3 creatures vanquished.

Grand Total: 51 creatures vanquished

Notes
Turn   | Place    | Note
-------+----------+-------------------------------------------
     0 | D:1      | qw the Barachi Chaos Knight began the quest for the Orb.
     0 | D:1      | Reached XP level 1. HP: 18/18 MP: 1/1
     0 | D:1      | 0 ||| qw: Version: 0.1-a-108-g9e35731
     0 | D:1      | 0 ||| qw: Game counter: 6530
     0 | D:1      | 0 ||| qw: Always use a shield: true
     0 | D:1      | 0 ||| qw: God list: Okawaru
     0 | D:1      | 0 ||| qw: Allow faded altars: false
     0 | D:1      | 0 ||| qw: Do Orc after D:15 true
     0 | D:1      | 0 ||| qw: Do second Lair branch before Depths: true
     0 | D:1      | 0 ||| qw: Lair rune preference: random
     0 | D:1      | 0 ||| qw: Plans: Normal
     0 | D:1      | 0 ||| PLANNING D:1-11
     0 | D:1      | Fell from the grace of Xom
   200 | D:1      | Reached XP level 2. HP: 24/24 MP: 2/2
   232 | D:1      | Reached skill level 4 in Axes
   308 | D:1      | 308 ||| Stepping ~*~*~tactically~*~*~ (stealth).
   357 | D:1      | 357 ||| Stepping ~*~*~tactically~*~*~ (stealth).
   359 | D:1      | 359 ||| Stepping ~*~*~tactically~*~*~ (stealth).
   367 | D:1      | 367 ||| Stepping ~*~*~tactically~*~*~ (stealth).
   378 | D:1      | 378 ||| Stepping ~*~*~tactically~*~*~ (stealth).
   380 | D:1      | 380 ||| Stepping ~*~*~tactically~*~*~ (stealth).
   385 | D:1      | Reached XP level 3. HP: 27/29 MP: 3/3
   637 | D:1      | 637 ||| Stepping ~*~*~tactically~*~*~ (stealth).
   639 | D:1      | 639 ||| Stepping ~*~*~tactically~*~*~ (stealth).
   783 | D:1      | Found a faded altar of an unknown god.
  1011 | D:1      | 1011 ||| DROPPING orb of wrath.
  1012 | D:1      | 1012 ||| UPGRADING to +0 cloak.
  1017 | D:1      | 1017 ||| READING scroll labelled HUT XOCYCWON.
  1018 | D:1      | 1018 ||| READING scroll labelled GOKHLI KOATH.
  1019 | D:1      | 1019 ||| READING scroll labelled WOMUBA SEILO.
  1020 | D:1      | 1020 ||| DRINKING 3 purple potions.
  1021 | D:1      | 1021 ||| Stepping randomly (stuck).
  1022 | D:1      | 1022 ||| Stepping ~*~*~tactically~*~*~ (cloud).
  1280 | D:2      | 1280 ||| STAIRDANCE
  1304 | D:1      | XOM: give mutation
  1304 | D:1      | Gained mutation: You occasionally lose the ability to drink
                  | potions when taking damage. [Xom's mischief]
  1325 | D:1      | XOM: noise
  1337 | D:2      | 1337 ||| STAIRDANCE
  1359 | D:2      | Reached skill level 5 in Axes
  1367 | D:2      | 1367 ||| Stepping ~*~*~tactically~*~*~ (stealth).
  1371 | D:2      | 1371 ||| Stepping ~*~*~tactically~*~*~ (stealth).
  1373 | D:2      | 1373 ||| Stepping ~*~*~tactically~*~*~ (stealth).
  1395 | D:2      | HP: 6/29 [poisoned by an adder]
  1399 | D:2      | 1399 ||| STAIRDANCE
  1400 | D:1      | HP: 2/29 [poisoned by an adder]
  1707 | D:2      | Noticed Jessica
  1708 | D:2      | 1708 ||| Stepping ~*~*~tactically~*~*~ (hiding).
  1713 | D:2      | Killed Jessica
  1714 | D:2      | Reached XP level 4. HP: 36/36 MP: 4/4
  1932 | D:2      | 1932 ||| Stepping ~*~*~tactically~*~*~ (stealth).
  1950 | D:2      | Reached skill level 6 in Axes
  2205 | D:2      | XOM: summons 4 hostile shadow creatures
  2209 | D:2      | HP: 1/36 [orc priest/divine providence[Xom] (15)]
  2210 | D:2      | Killed from afar by an orc wizard

Levels and vault maps discovered:
D:1:      dpeg_arrival_short_road, layout_loops_ring, basic_ecumenical_altar,
          lemuel_flame_loot_1
D:2:      layout_basic, cheibrodos_gnoll_hut, uniq_jessica

Skill      XL: |  1  2  3  4 |
---------------+-------------+-----
Axes           | 4 5 6 |  6.0
Fighting       | |  3.6
Armour         | |  2.4
Dodging        | |  1.1

Action                   |  1- 3 |  4- 6 || total
-------------------------+-------+-------++-------
Melee: Hand axe          |   116 |    37 ||   153
       Punch             |     1 |       ||     1
Invok: Renounce Religion |     1 |       ||     1
  Use: Scroll            |     3 |       ||     3
       Potion            |     1 |       ||     1
Armor: Leather armour    |    42 |    11 ||    53
Dodge: Dodged            |    84 |    23 ||   107

Table legend:
 A = Non-vault XP
 B = Vault XP
 C = Vault XP percentage of total XP
 D = Non-vault monster count
 E = Vault monster count
 F = Vault count percentage of total count
                 A         B        C        D         E       F
            +---------+---------+-------+---------+---------+-------
      Total |     103 |      55 |  34.8 |      44 |       4 |   8.3
            +---------+---------+-------+---------+---------+-------
        D:1 |      62 |       0 |   0.0 |      34 |       0 |   0.0
        D:2 |      41 |      55 |  57.3 |      10 |       4 |  28.6
            +---------+---------+-------+---------+---------+-------
